[gd_scene load_steps=4 format=2]

[ext_resource path="res://Fonts/PixelMed.tres" type="DynamicFont" id=1]
[ext_resource path="res://Fonts/PixelSmall.tres" type="DynamicFont" id=2]
[ext_resource path="res://Scripts/LinkButton.gd" type="Script" id=3]

[node name="MarginContainer" type="MarginContainer"]
margin_right = 40.0
margin_bottom = 40.0

[node name="VBoxContainer" type="VBoxContainer" parent="."]
margin_right = 1004.0
margin_bottom = 583.0

[node name="HBoxContainer" type="HBoxContainer" parent="VBoxContainer"]
margin_right = 1004.0
margin_bottom = 71.0

[node name="Credits" type="Label" parent="VBoxContainer/HBoxContainer"]
margin_right = 273.0
margin_bottom = 71.0
custom_fonts/font = ExtResource( 1 )
text = "Credits"

[node name="HBoxContainer3" type="HBoxContainer" parent="VBoxContainer"]
margin_top = 75.0
margin_right = 1004.0
margin_bottom = 548.0

[node name="Credits" type="Label" parent="VBoxContainer/HBoxContainer3"]
margin_right = 1004.0
margin_bottom = 473.0
custom_fonts/font = ExtResource( 2 )
text = "George  Hodan  at  Publicdomainpictures dot net  for menu  background

Estudio  vaca  roxa  for  Tileset

Gerald  Burke  for  Gerald's  Keys

youfulca  aka  wingless  seraph  for  bg  music

1001 fonts  for  arcade  classic  font

Adwit Rahman  aka  adwitr  for  the  gauges

Warren  Clark  aka  lionheart963  For  character  sprites
"

[node name="HBoxContainer2" type="HBoxContainer" parent="VBoxContainer"]
margin_top = 552.0
margin_right = 1004.0
margin_bottom = 583.0

[node name="Back to Main Menu" type="LinkButton" parent="VBoxContainer/HBoxContainer2"]
margin_right = 250.0
margin_bottom = 31.0
custom_fonts/font = ExtResource( 2 )
text = "Back to Main Menu"
script = ExtResource( 3 )
scene_to_load = "Main Menu"
[connection signal="pressed" from="VBoxContainer/HBoxContainer2/Back to Main Menu" to="VBoxContainer/HBoxContainer2/Back to Main Menu" method="_on_Button_pressed"]
